 Dungeon Crawl Stone Soup version 0.29-a0-613-gf2c431b9b9 (webtiles) character file.

Game seed: 14361663142209364368

66 moldycheese5 the Skirmisher (level 3, -6/30 HPs)
             Began as a Demonspawn Abyssal Knight on June 16, 2022.
             Was a Believer of Lugonu.
             Mangled by Terence
             ... wielding a +2 flail of protection
              (14 damage)
             ... on level 3 of the Dungeon.
             The game lasted 00:04:45 (2959 turns).

moldycheese5 the Skirmisher (DsAK)                  Turns: 2959, Time: 00:04:45

Health: -6/30      AC:  4    Str: 15    XL:     3   Next: 96%
Magic:  4/4        EV:  9    Int: 11    God:    Lugonu [**....]
Gold:   150        SH:  7    Dex: 13    Spells: 2/2 levels left

rFire   . . .      SeeInvis .   j - +0 demon blade (elec)
rCold   . . .      Faith    .   l - +0 kite shield
rNeg    . . .      Spirit   .   b - +0 leather armour
rPois   .          Reflect  .   m - +0 helmet
rElec   .          Harm     .   (no cloak)
rCorr   .          Rampage  .   (no gloves)
Will    .....                   (no boots)
Stlth   +.........              (no amulet)
HPRegen 0.10/turn               (no ring)
MPRegen 0.09/turn               (no ring)

@: no status effects
A: ignite blood 1
a: Renounce Religion, Depart the Abyss, Bend Space


You were on level 3 of the Dungeon.
You worshipped Lugonu.
Lugonu was pleased with you.
You visited 1 branch of the dungeon, and saw 3 of its levels.
You visited the Abyss 1 time.

You collected 150 gold pieces.

Inventory:

Hand Weapons
 a - a +1 falchion
 j - a +0 demon blade of electrocution (weapon)
Armour
 b - a +0 leather armour (worn)
 l - a +0 kite shield (worn)
 m - a +0 helmet (worn)
Jewellery
 f - a ring of resist corrosion
 k - a ring of protection from cold
Scrolls
 c - 2 scrolls of immolation {unknown}
 e - 2 scrolls of blinking {unknown}
 g - a scroll of enchant armour {unknown}
 h - 3 scrolls of identify {unknown}
Potions
 d - 3 potions of heal wounds {unknown}
 i - a potion of brilliance {unknown}
 n - 2 potions of degeneration {unknown}


   Skills:
 + Level 3.8 Fighting
 + Level 2.5 Long Blades
 + Level 2.2 Armour
 + Level 1.1 Dodging
 + Level 0.2 Stealth
 + Level 2.5 Invocations


You had 2 spell levels left.
You didn't know any spells.
Your spell library contained the following spells:

 Spells                   Type           Power      Damage    Failure   Level
 Magic Dart               Conj           0%         1d3       85%         1
 Call Imp                 Summ           0%         N/A       94%         2
 Gell's Gravitas          Tloc           0%         N/A       99%         3
 Lesser Beckoning         Tloc           0%         N/A       99%         3
 Mephitic Cloud           Conj/Pois/Air  0%         N/A       99%         3
 Teleport Other           Tloc           0%         N/A       99%         3
 Passage of Golubria      Tloc           0%         N/A       100%        4
 Silence                  Hex/Air        0%         N/A       100%        5
 Lehudib's Crystal Spear  Conj/Erth      0%         10d2      100%        8


Dungeon Overview and Level Annotations

Branches:
Dungeon (3/15)

Altars:
Wu Jian

Annotations:
D:3 Terence


Innate Abilities, Weirdness & Mutations

Your demonic aura sometimes causes spilled blood to erupt in flames.


Message History

Found 11 stones.
You open the door.
There is an open door here.
A kobold comes into view. It is wielding a +0 short sword.
The kobold shouts!
The kobold hits you with a +0 short sword.
You slash the kobold! Lightning courses through the kobold!
You kill the kobold!
Lugonu accepts your kill.
No target in view!
No target in view!
No target in view!
Things that are here:
a +0 short sword; 3 stones You now have 150 gold pieces (gained 13).
Terence the Incautious comes into view.
He is wielding a +2 flail of protection.
Terence shouts!
Terence drinks a potion.
Terence seems to grow stronger.
You barely miss Terence.
Terence hits you with a +2 flail of protection!
You barely miss Terence.
Terence hits you with a +2 flail of protection!
* * * LOW HITPOINT WARNING * * *
You are too injured to fight recklessly!
You are too injured to fight recklessly!
You are too injured to fight recklessly!
You are too injured to fight recklessly!
You are too injured to fight recklessly!
You are too injured to fight recklessly!
You are too injured to fight recklessly!
You hit Terence but do no damage.
Terence hits you with a +2 flail of protection.
* * * LOW HITPOINT WARNING * * *
Terence closely misses you.
You hit Terence but do no damage. You block Terence's attack.
You barely miss Terence. You block Terence's attack. Terence barely misses you.
You hit Terence.
Terence is moderately wounded.
Terence hits you with a +2 flail of protection!
You die...

### ##.## ##...##
#.....# ##########
#.@.# #........###
#.##@#####.####......
#..........# #.#รท##.
#.##.####### #.#)##>
.. ##+# #..#)#. ##
##...## #.###..
##.....## ##..#.#.
##.......## ##).#.##.
#.......<.####...#.##.
+>........'.).........


You could see Terence (strong).

Vanquished Creatures
  2 adders (D:2)
  A worm (D:2)
  A dart slug (D:1)
  6 orcs (D:3)
  A ball python (D:3)
  5 endoplasms
  3 giant cockroaches
  2 goblins
  3 hobgoblins
  A bat (D:1)
  2 frilled lizards (D:1)
  6 kobolds
  A rat (D:3)
34 creatures vanquished.

Notes
Turn   | Place    | Note
-------+----------+-------------------------------------------
     0 | Abyss:1  | moldycheese5 the Demonspawn Abyssal Knight began the quest
                  | for the Orb.
     0 | Abyss:1  | Reached XP level 1. HP: 18/18 MP: 2/2
     0 | D:1      | Escaped the Abyss
   400 | D:1      | Reached ** piety under Lugonu
   458 | D:1      | Gained mutation: Your demonic aura sometimes causes spilled
                  | blood to erupt in flames. [demonic ancestry]
   458 | D:1      | Reached XP level 2. HP: 24/24 MP: 3/3
  1063 | D:2      | HP: 1/25 [giant cockroach (2)]
  1440 | D:2      | Found an ornate altar of the Wu Jian Council.
  1450 | D:2      | Reached XP level 3. HP: 29/30 MP: 4/4
  1485 | D:2      | Reached skill level 1 in Dodging
  1716 | D:2      | Found a faded altar of an unknown god.
  1717 | D:2      | Noticed a golden eye
  1719 | D:2      | Noticed a golden eye
  1719 | D:2      | Noticed an eye of devastation
  1719 | D:2      | Noticed a floating eye
  2952 | D:3      | Noticed Terence
  2959 | D:3      | Mangled by Terence

Illustrated notes

Levels and vault maps discovered:
D:1:      minmay_arrival_cross, layout_loops_cross, moated_statue,
          minmay_misc_feat_doors
D:2:      layout_rooms, basic_altar, hellmonk_ecumenical_altar_watching_god,
          lemuel_another_geyser
D:3:      layout_loops_corners, uniq_terence

Skill      XL: |  1  2  3 |
---------------+----------+-----
Armour         | 2 |  2.2
Long Blades    | 2 |  2.5
Dodging        | 1 |  1.1
Fighting       | |  3.8
Stealth        | |  0.2
Invocations    | |  2.5

Action                   || total
-------------------------++-------
Melee: Falchion          ||    55
       Punch             ||     1
       Demon blade       ||    54
Invok: Depart the Abyss  ||     1
Armor: Leather armour    ||    30
Dodge: Dodged            ||    61
Block: Kite shield       ||    13

Table legend: (Time is in decaauts)
 A = Elapsed time spent in this place.
 B = Non-inter-level travel time spent in this place.
 C = Inter-level travel time spent in this place.
 D = Time resting spent in this place.
 E = Time spent auto-exploring this place.
 F = Levels seen in this place.
 G = Mean time per level.
                   A        B        C        D        E       F      G
               +--------+--------+--------+--------+--------+-----+--------+
         Total |   2988 |   2935 |     53 |   1034 |   1605 |   4 |  747.0 |
       Dungeon |   2988 |   2935 |     53 |   1034 |   1605 |   3 |  996.0 |
         Abyss |      0 |      0 |      0 |      0 |      0 |   1 |    0.0 |
               +--------+--------+--------+--------+--------+-----+--------+

Top non-repeatable levels by time:
     D:1: 1299 daAuts
     D:2: 1012 daAuts
     D:3: 676 daAuts
